Map: Dusk Towers

Players

Buxxy - Winner!

  • Race: Terran Terran
  • League: Diamond

WitchCraft

  • Race: Zerg Zerg
  • League: Platinum

VOD

Have the link to the VOD?

Description

Time

  • Played on: May 18, 2016, 3:48 p.m.
  • Length: 27:14
Show
View Real Time Build Order
Export as new Build Order

Buxxy Terran - Winner!

Build Orders: Liberator Opening 

Get SALT Encoding   

  12  0:04  SCV  
  13  0:16  SCV  
  13  0:20  Supply Depot  
  14  0:28  SCV  
  15  0:40  Refinery  
  15  0:42  SCV  
  16  0:46  Barracks  
  16  0:54  SCV  
  17  1:06  SCV  
  18  1:21  SCV  
  19  1:33  SCV  
  19  1:38  Command Center  
  20  1:46  Reaper  
  21  1:53  Orbital Command  
  21  2:04  Factory  
  21  2:18  Marine  
  22  2:24  SCV  
  23  2:36  Barracks  
  23  2:40  Barracks  
  23  2:47  Supply Depot  
  23  2:49  Marine, SCV  
  25  2:56  Factory Reactor  
  25  3:00  Starport  
  24  3:09  Orbital Command  
  24  3:12  SCV  
  25  3:16  Refinery  
  25  3:20  Barracks Tech Lab  
  25  3:30  Supply Depot, SCV  
  26  3:34  SCV  
  27  3:44  Barracks Reactor  
  27  3:45  Barracks Tech Lab  
  27  3:46  SCV  
  28  3:51  Barracks Reactor  
  28  3:55  Liberator  
  28  4:02  Supply Depot  
  33  4:17  Hellion  
  33  4:22  SCV  
  33  4:23  SCV  
  35  4:25  Refinery  
  35  4:27  Refinery  
  35  4:34  Marine x3  
  35  4:35  Marine, SCV  
  35  4:37  Marauder  
  44  4:38  Hellion  
  44  4:39  Stimpack  
  44  4:47  SCV  
  44  4:50  SCV  
  46  4:59  Marauder, SCV  
  49  5:02  Marine, SCV  
  49  5:04  Marine x3  
  54  5:10  Medivac x2  
  58  5:20  Command Center  
  58  5:21  Marine  
  58  5:22  Marine  
  58  5:23  Marine  
  58  5:24  Marine  
  62  5:30  Factory Tech Lab  
  62  5:36  Supply Depot  
  62  5:38  Marauder  
  64  5:43  Engineering Bay, SCV  
  64  5:48  SCV  
  66  5:53  Medivac  
  66  5:54  Medivac  
  70  5:57  SCV  
  71  6:19  Marine x4  
  71  6:20  Marauder  
  77  6:29  Supply Depot, Siege Tank  
  80  6:33  Missile Turret  
  80  6:38  Terran Infantry Weapons Level 1  
  80  6:49  Marine x4  
  80  6:50  Marauder  
  80  6:52  Medivac  
  88  6:58  Missile Turret  
  85  7:21  Missile Turret  
  77  7:32  Siege Tank  
  80  7:56  Marine x2  
  80  7:57  Marine x2, Barracks  
  80  7:58  Marauder  
  86  7:59  Barracks  
  74  8:26  Marine x3  
  74  8:27  Marine  
  71  8:29  Marauder  
  75  8:42  Siege Tank  
  75  8:44  Marine x4  
  82  8:51  Marauder  
  84  9:52  Marine x5  
  88  9:54  Siege Tank  
  91  10:11  Marauder  
  81  10:20  Marine  
  81  10:21  Marine  
  76  10:26  Siege Tank  
  66  10:38  Marine x3  
  66  10:39  Marine  
  66  10:40  Marauder  
  72  10:42  Barracks Reactor  
  72  10:43  Barracks Reactor  
  72  11:03  Marine  
  72  11:04  Marine x3, Marauder  
  76  11:07  Siege Tank  
  81  11:21  Marine x2  
  81  11:22  Marine x2  
  81  11:25  Marauder  
  87  11:32  Marine x4  
  91  11:39  Marine x4  
  96  11:40  Siege Tank  
  96  11:46  Marauder  
  83  11:50  Marine x4  
  75  12:08  Marauder  
  70  12:12  Siege Tank  
  73  12:27  Marine x7  
  73  12:28  Marine  
  73  12:29  Marauder  
  83  12:44  Marine  
  83  12:45  Marine x7  
  83  12:51  Marauder  
  72  13:02  Marine x2  
  72  13:03  Marine x6  
  79  13:11  Marine  
  74  13:20  Marine x3  
  74  13:21  Marine x5  
  80  13:30  Marauder  
  79  13:35  Command Center  
  79  13:39  Siege Tank  
  80  13:51  Marauder  
  82  14:13  Marauder  
  72  14:46  SCV x2  
  74  14:53  SCV  
  74  14:58  SCV  
  74  14:59  SCV  
  77  15:01  Marine x3  
  77  15:02  Marine x5  
  77  15:03  Marauder  
  77  15:05  SCV  
  88  15:10  SCV  
  75  15:33  Marine x7  
  75  15:34  Marine  
  75  15:35  Marauder  
  85  15:36  Siege Tank  
  76  15:50  Marine  
  76  15:51  Marine x6  
  76  15:53  Orbital Command  
  76  15:54  Marine  
  76  15:55  Marine  
  85  16:03  Medivac x2  
  88  16:08  Marine x3, Siege Tank  
  88  16:09  Marine x4  
  88  16:10  Starport  
  92  16:14  Marauder  
  87  16:19  SCV x3  
  90  16:31  SCV x3  
  93  16:40  Siege Tank  
  93  16:43  SCV x3  
  96  16:55  SCV  
  97  17:10  Marine x3  
  97  17:11  Marine x5  
  97  17:12  Marauder  
  97  17:14  Medivac  
  109  17:19  Medivac, Siege Tank  
  109  17:22  SCV  
  115  17:30  Starport Tech Lab  
  115  17:33  Marine x7  
  115  17:34  Marine  
  115  17:35  Marauder  
  125  17:55  Marine  
  125  17:56  Marine x4  
  125  17:57  Marine x3  
  125  17:58  Marauder  
  125  17:59  Siege Tank  
  115  18:21  Marine x3  
  115  18:22  Marine x5  
  123  18:40  Supply Depot  
  123  18:42  Marine x2  
  123  18:45  Liberator  
  125  18:52  Marine x3, Siege Tank  
  125  18:53  Marauder  
  133  19:01  Marine x3, Raven  
  133  19:02  Supply Depot  
  141  19:06  Liberator  
  141  19:24  Supply Depot, Marauder  
  146  19:44  Marine x3  
  146  19:45  Marine x5  
  150  19:46  Supply Depot  
  150  19:47  Marauder  
  154  20:01  Marine  
  154  20:02  Marine x2  
  154  20:03  Marine x5  
  147  20:09  Marauder  
  146  20:14  Liberator x3  
  146  20:34  Marine x2  
  146  20:35  Marine x5  
  160  20:36  Marine x2  
  147  21:17  Marine x6  
  147  21:18  Marine x2  
  155  21:19  Marauder  
  154  21:55  Marine  
  154  21:56  Marine x5  
  154  21:57  Marine x2, Marauder  
  163  22:09  Siege Tank  
  156  22:25  Terran Infantry Armor Level 1  
  156  22:27  Medivac x2  
  156  22:28  Medivac  
  160  23:09  Orbital Command  
  160  23:54  Marine x3  
  160  23:55  Marine x5  
  153  23:56  Marauder  
  153  23:57  Siege Tank  
  153  23:59  Medivac  
  134  25:54  Orbital Command  
Show
View Real Time Build Order
Export as new Build Order

WitchCraft Zerg 

Build Orders: Hatch First 

Get SALT Encoding   

  12  0:01  Drone  
  13  0:12  Overlord  
  13  0:18  Drone  
  14  0:30  Drone  
  14  0:31  Drone  
  14  0:34  Drone  
  17  0:58  Hatchery  
  17  0:59  Drone  
  17  1:13  Spawning Pool  
  17  1:14  Drone  
  17  1:18  Drone  
  18  1:23  Drone  
  19  1:31  Drone  
  20  1:38  Drone  
  21  1:49  Hatchery  
  20  1:55  Overlord  
  20  2:05  Queen  
  22  2:13  Queen  
  24  2:16  Drone  
  24  2:19  Drone  
  24  2:21  Drone  
  27  2:24  Drone  
  27  2:27  Drone  
  29  2:32  Zergling x2  
  29  2:33  Zergling x2  
  31  2:43  Overlord  
  31  2:45  Queen  
  31  2:48  Drone  
  34  2:53  Drone  
  35  2:59  Drone  
  36  3:06  Drone x3  
  36  3:08  Queen  
  36  3:12  Drone  
  42  3:16  Drone x3  
  45  3:23  Overlord x2  
  45  3:25  Drone x3  
  48  3:35  Drone x2  
  48  3:41  Zergling x6  
  52  3:43  Zergling x2  
  54  3:49  Drone x3  
  54  3:50  Drone  
  58  3:56  Queen  
  58  4:01  Overlord x2, Drone  
  62  4:02  Drone  
  62  4:03  Drone x2  
  64  4:10  Drone x2  
  64  4:12  Overlord  
  66  4:32  Hatchery  
  66  4:36  Zergling x24  
  66  4:38  Overlord  
  77  4:51  Zergling x2  
  77  4:52  Zergling x4, Overlord  
  80  4:53  Overlord  
  77  5:01  Zergling x6  
  80  5:08  Spore Crawler  
  80  5:09  Drone x2  
  80  5:12  Spore Crawler  
  80  5:15  Spore Crawler  
  80  5:16  Drone x2  
  80  5:19  Spore Crawler  
  81  5:21  Zergling x4  
  81  5:22  Zergling x8, Hatchery  
  81  5:25  Spore Crawler  
  84  5:29  Zergling x10  
  84  5:30  Queen  
  84  5:31  Queen  
  93  5:37  Overlord  
  93  5:39  Drone x2  
  96  5:50  Zergling x12  
  101  5:57  Overlord x2  
  101  6:06  Hatchery, Drone x4  
  101  6:07  Drone x6  
  110  6:17  Overlord  
  110  6:18  Zergling x10  
  113  6:24  Spore Crawler  
  114  6:30  Drone x5  
  114  6:31  Drone  
  120  6:45  Zergling x2  
  120  6:46  Zergling x20  
  131  6:57  Queen  
  131  6:59  Zergling x16  
  141  7:04  Zergling x4  
  141  7:07  Drone x2  
  137  7:17  Drone x6  
  137  7:18  Drone  
  142  7:23  Drone x2  
  142  7:27  Drone x4  
  148  7:36  Zergling x2  
  151  7:37  Zergling x22  
  151  7:38  Queen  
  151  7:39  Hatchery, Queen  
  163  7:56  Queen  
  163  7:58  Queen  
  163  7:59  Hatchery, Queen  
  163  8:00  Queen  
  163  8:03  Zergling x2  
  163  8:04  Zergling x12  
  162  8:09  Zergling x4  
  159  8:13  Queen  
  159  8:14  Queen  
  145  8:34  Zergling x4  
  145  8:35  Zergling x32  
  145  8:37  Overlord  
  145  8:38  Overlord x2  
  163  8:53  Zergling x2  
  163  8:54  Zergling x10, Overlord x2  
  169  9:03  Zergling x2  
  169  9:04  Zergling x32  
  186  9:14  Zergling x2  
  186  9:15  Zergling x14  
  184  9:26  Zergling x2  
  184  9:27  Zergling x10, Overlord x4  
  180  9:34  Zergling x2  
  180  9:35  Zergling x14  
  178  9:46  Zergling x8  
  178  9:47  Zergling x6, Overlord  
  184  9:54  Zergling x2  
  184  9:55  Zergling x14  
  184  9:56  Zergling x2  
  192  10:12  Zergling x2  
  192  10:13  Zergling x18  
  179  10:15  Zergling x2  
  179  10:16  Zergling x8  
  179  10:18  Zergling x4  
  166  10:22  Zergling x4  
  158  10:28  Zergling x2  
  158  10:29  Zergling x22  
  167  10:40  Zergling x14  
  174  10:46  Zergling x8  
  174  10:47  Zergling x6  
  181  10:52  Hatchery  
  181  10:57  Hatchery  
  179  11:01  Zergling x2  
  179  11:02  Zergling x38  
  199  11:04  Hatchery  
  199  11:08  Zergling x2  
  199  11:30  Overlord  
  199  11:31  Overlord  
  192  11:43  Zergling x16  
  192  11:44  Zergling x30  
  195  11:50  Zergling x16  
  195  11:52  Zergling x2  
  195  11:53  Zergling x2  
  198  11:59  Zergling x2  
  198  12:00  Zergling x18  
  199  12:07  Zergling x2  
  199  12:08  Zergling x16  
  196  12:10  Zergling x2  
  196  12:11  Zergling x4  
  196  12:15  Zergling x4  
  194  12:16  Zergling x8  
  194  12:18  Zergling x2  
  194  12:19  Zergling x8  
  194  12:20  Queen  
  196  12:27  Zergling x2  
  196  12:28  Zergling x10  
  196  12:29  Overlord x3  
  198  12:48  Hatchery  
  182  12:53  Zergling x2  
  182  12:54  Zergling x40  
  182  12:55  Zergling x18  
  182  12:56  Zergling x2  
  182  12:57  Zergling x8  
  195  13:00  Zergling x2  
  195  13:01  Zergling x18  
  199  13:10  Zergling x2  
  199  13:11  Zergling x10  
  197  13:19  Zergling x12  
  194  13:20  Zergling x18  
  194  13:21  Hatchery  
  194  13:26  Zergling x8  
  185  13:27  Zergling x4  
  185  13:28  Zergling x6  
  175  13:34  Zergling x2  
  175  13:35  Zergling x6  
  162  13:43  Zergling x4  
  162  13:44  Zergling x16  
  162  13:45  Zergling x2  
  164  13:50  Zergling x2  
  164  13:51  Zergling x40  
  183  14:08  Zergling x18  
  183  14:09  Zergling x14  
  199  14:37  Zergling x16  
  199  14:38  Zergling x10  
  186  14:39  Zergling x22  
  186  14:40  Zergling x18  
  186  14:43  Zergling x2  
  186  14:45  Zergling x12  
  186  14:47  Zergling x8  
  186  14:51  Zergling x2  
  186  14:52  Zergling x6  
  192  14:56  Zergling x12  
  198  15:02  Zergling x2  
  191  15:16  Zergling x14  
  191  15:17  Zergling x4  
  199  15:35  Spore Crawler  
  199  15:36  Zergling x4  
  199  15:37  Zergling x2  
  199  15:39  Spore Crawler  
  199  15:41  Zergling x12  
  199  15:42  Zergling x2  
  195  15:53  Zergling x8  
  195  15:54  Overlord x2  
  199  16:04  Zergling x2, Spine Crawler  
  194  16:11  Zergling x2  
  194  16:12  Zergling x14  
  194  16:15  Zergling x2  
  194  16:16  Zergling x14  
  199  16:21  Zergling x2  
  199  16:22  Zergling x6  
  199  16:23  Overlord x2  
  198  16:40  Zergling x2  
  198  16:41  Zergling x4  
  166  16:51  Zergling x28  
  166  16:52  Zergling x18  
  165  16:55  Zergling x6  
  165  16:59  Zergling x2  
  165  17:00  Zergling x30  
  165  17:01  Zergling x18  
  192  17:08  Zergling x14  
  197  17:55  Zergling x8  
  197  17:56  Zergling x50  
  197  17:57  Zergling x22  
  188  18:00  Zergling x18  
  164  18:07  Zergling x12  
  164  18:14  Zergling x20  
  174  18:20  Zergling x20  
  174  18:21  Zergling x4  
  174  18:24  Zergling x6  
  174  18:25  Zergling x2  
  189  18:34  Zergling x2  
  189  18:35  Zergling x20  
  200  19:11  Hatchery  
  200  19:13  Drone  
  200  19:40  Hatchery  
  199  19:49  Zergling x2  
  180  20:00  Zergling x18  
  180  20:01  Zergling x12  
  180  20:04  Zergling x12  
  180  20:05  Zergling x60  
  180  20:06  Zergling x42  
  177  20:09  Zergling x4  
  177  20:10  Zergling x2  
  166  20:15  Zergling x14  
  166  20:16  Zergling x4  
  175  20:29  Zergling x4  
  175  20:30  Zergling x34  
  194  20:37  Zergling x10  
  199  20:58  Zergling x2  
  199  20:59  Zergling x30  
  199  21:00  Zergling x12  
  199  21:01  Zergling x2  
  199  21:02  Zergling x2  
  199  21:03  Zergling x2  
  143  21:05  Zergling x2  
  143  21:06  Zergling x2  
  143  21:08  Zergling x4  
  143  21:09  Zergling x4  
  136  21:14  Zergling x4  
  136  21:15  Zergling x4  
  136  21:17  Zergling x4  
  142  21:23  Zergling x6  
  145  21:26  Zergling x8  
  145  21:29  Zergling x4  
  148  21:32  Zergling x2  
  148  21:33  Zergling x2  
  148  21:36  Zergling x2  
  148  21:37  Zergling x4  
  151  21:40  Zergling x6  
  151  21:45  Zergling x10  
  151  21:46  Zergling x2  
  151  21:47  Zergling x2  
  156  21:48  Zergling x2  
  153  21:56  Zergling x2  
  153  21:57  Zergling x12  
  154  22:02  Zergling x2  
  154  22:03  Zergling x8  
  146  22:11  Zergling x2  
  146  22:12  Zergling x12  
  142  22:18  Zergling x10  
  142  22:21  Zergling x6  
  139  22:23  Zergling x2  
  139  22:28  Zergling x8  
  135  22:41  Zergling x4  
  135  22:42  Zergling x18  
  135  22:43  Zergling x2  
  145  22:47  Zergling x2  
  145  22:48  Zergling x6  
  145  22:49  Zergling x2  
  142  22:52  Zergling x4  
  142  22:54  Zergling x2  
  142  22:55  Zergling x2  
  143  23:10  Zergling x2  
  143  23:11  Zergling x14  
  149  23:18  Zergling x2  
  149  23:19  Zergling x16  
  153  23:31  Zergling x18  
  155  23:41  Zergling x10  
  154  23:42  Zergling x2  
  156  23:49  Zergling x2  
  156  23:50  Zergling x8  
  156  23:51  Zergling x2  
  155  23:58  Spore Crawler  
  155  24:02  Zergling x2  
  152  24:03  Zergling x8, Spore Crawler  
  155  24:10  Zergling x8  
  155  24:13  Zergling x4  
  156  24:21  Zergling x10  
  148  24:24  Zergling x4  
  148  24:27  Zergling x2  
  148  24:31  Zergling x6  
  140  24:40  Zergling x2  
  140  24:41  Zergling x8  
  140  24:42  Zergling x2  
  140  24:44  Zergling x2  
  141  24:49  Zergling x6  
  125  25:07  Spawning Pool  
  121  25:21  Drone  
  121  25:22  Drone  
  123  25:28  Spawning Pool  
  103  25:58  Spine Crawler  
  103  26:00  Spine Crawler x2  
  103  26:01  Spine Crawler x2  
  103  26:02  Spore Crawler  
  96  26:06  Spine Crawler  
  96  26:07  Spore Crawler  
  94  26:32  Overlord x2  
  94  26:37  Spawning Pool  
  93  26:45  Overlord  
Tags
 
Add a new tag
Caveats
  • Supply blocks, unpowered buildings, or Contaminate may cause inaccurate times.
  • Supply counts are checked every 10 seconds.